 Dungeon Crawl Stone Soup version 0.20-a0-350-ga83eecc (webtiles) character file.

1740 snakesoul the Basher (level 9, -1/57 HPs)
             Began as a Gargoyle Fighter on Dec 24, 2016.
             Slain by an ogre
             ... wielding a +0 giant spiked club
              (9 damage)
             ... on level 6 of the Dungeon.
             The game lasted 00:06:51 (4862 turns).

snakesoul the Basher (Gargoyle Fighter)             Turns: 4862, Time: 00:06:52

Health: -1/57      AC: 19    Str: 19    XL:     9   Next: 5%
Magic:  9/9        EV:  4    Int: 10    God:
Gold:   270        SH: 10    Dex: 12    Spells: 8/8 levels left

rFire  + . .     SeeInvis .     G - +4 flail
rCold  x . .     Gourm    .     x - +0 plate armour
rNeg   + . .     Faith    .     c - +0 shield
rPois  ∞         Spirit   .     (no helmet)
rElec  +         Reflect  .     e - +0 cloak
rCorr  .         Harm     .     s - +0 pair of gloves
MR     +....                    (no boots)
Stlth  ..........               (no amulet)
                                u - ring of fire
                                h - ring of protection from magic

@: no status effects
A: negative energy resistance 1, electricity resistance, unbreathing,
petrification resistance, rot immunity, AC +5
a: no special abilities


You were on level 6 of the Dungeon.
You were hungry.

You visited 1 branch of the dungeon, and saw 6 of its levels.

You collected 270 gold pieces.

Inventory:

Hand Weapons
 G - a +4 flail (weapon)
Missiles
 E - 4 tomahawks (quivered)
 F - 5 javelins
Armour
 b - a +0 scale mail
 c - a +0 shield (worn)
 e - a +0 cloak (worn)
 s - a +0 pair of gloves (worn)
 x - a +0 plate armour (worn)
Jewellery
 h - a ring of protection from magic (left hand)
 u - a ring of fire (right hand)
Scrolls
 i - 4 scrolls of teleportation {unknown}
 k - 3 scrolls of immolation {unknown}
 l - 2 scrolls of recharging {unknown}
 m - 6 scrolls of identify {unknown}
 o - a scroll of fog {unknown}
 p - a scroll of remove curse {unknown}
 y - 2 scrolls of enchant weapon {unknown}
 A - 2 scrolls of magic mapping {unknown}
 B - 2 scrolls of noise {unknown}
Potions
 a - 2 potions of flight {unknown}
 d - 2 potions of might
 g - a potion of heal wounds {unknown}
 j - 2 potions of magic {unknown}
 r - 2 potions of agility
 v - a potion of degeneration {unknown}
 z - a potion of lignification {unknown}
 D - a potion of berserk rage {unknown}
Books
 C - a book of Maledictions

   Spells                             Type                      Level
   a - Corona                         Hexes                        1
   b - Ensorcelled Hibernation        Hexes/Ice                    2
   c - Confuse                        Hexes                        3
   d - Tukima's Dance                 Hexes                        3
   e - Dazzling Spray                 Conjuration/Hexes            3
Comestibles
 f - 5 bread rations
 n - a royal jelly
 q - 2 meat rations
 t - a beef jerky
 w - 2 slices of pizza


   Skills:
 + Level 7.0 Fighting
 * Level 8.1 Maces & Flails
 - Level 3.2 Armour
 + Level 7.1 Shields


You had 8 spell levels left.
You didn't know any spells.

Dungeon Overview and Level Annotations

Branches:
Dungeon (6/15)
 Temple: D:4-7

Altars:
Nemelex Xobeh
Vehumet

Shops:
D:6 [


Innate Abilities, Weirdness & Mutations

You are resistant to torment.
Your stone body is resilient. (AC +5)
You are immune to poison.
You resist negative energy. (rN+)
You are resistant to electric shocks. (rElec)
You can survive without breathing.
You are immune to petrification.
You are immune to rotting.


Message History

The bullfrog is severely wounded.
The bullfrog hits you.
You bludgeon the bullfrog!!
You kill the bullfrog!
Your Fighting skill increases to level 7!
You hit the ogre.
The ogre is lightly wounded.
The ogre hits you with a giant spiked club!
You are too injured to fight recklessly!
You are too injured to fight recklessly!
You are too injured to fight recklessly!
You are too injured to fight recklessly!
You hit the ogre.
The ogre is moderately wounded.
The ogre hits you with a giant spiked club!!
* * * LOW HITPOINT WARNING * * *
You thump the ogre!
The ogre is almost dead.
The ogre hits you with a giant spiked club!
You die...

.# ###.#....#.# #
....##......_.....
#.....#.#....#.#
#.###.#.##...# #
#.#....###.
#.####.....
#......## ###.##.#
#@...# #O#### ...
....# .....#
#.....# #######


You could see an ogre.

Vanquished Creatures
  A hippogriff (D:5)
  An orc warrior (D:6)
  A phantom (D:5)
  An ice beast (D:6)
  3 ogres
  2 centaurs
  2 bullfrogs (D:6)
  Blork the orc (D:4)
  4 wights (D:6)
  A howler monkey (D:5)
  A hound (D:5)
  An orc priest (D:6)
  2 orc wizards (D:3)
  A bullfrog skeleton (D:5)
  A centaur skeleton (D:5)
  3 iguanas (D:4)
  A worker ant (D:6)
  3 gnolls (D:4)
  7 adders
  A shadow imp (D:5)
  An ooze (D:1)
  3 worms
  3 dart slugs
  A leopard gecko (D:4)
  9 orcs
  A ball python (D:4)
  4 giant cockroaches
  4 goblins
  8 hobgoblins
  7 jackals (D:2)
  9 kobolds
  A quokka (D:3)
  7 bats
  3 frilled lizards
  5 rats
104 creatures vanquished.

Notes
Turn   | Place    | Note
-------+----------+-------------------------------------------
     0 | D:1      | snakesoul the Gargoyle Fighter began the quest for the Orb.
     0 | D:1      | Reached XP level 1. HP: 14/14 MP: 1/1
   410 | D:1      | Reached XP level 2. HP: 19/19 MP: 2/2
   952 | D:2      | Reached XP level 3. HP: 21/23 MP: 3/3
  1120 | D:2      | Reached skill level 3 in Maces & Flails
  1314 | D:2      | Reached XP level 4. HP: 29/29 MP: 4/4
  1676 | D:3      | Reached XP level 5. HP: 24/33 MP: 5/5
  2083 | D:3      | Reached skill level 4 in Maces & Flails
  2347 | D:4      | Noticed Blork the orc
  2367 | D:4      | Killed Blork the orc
  2367 | D:4      | Reached XP level 6. HP: 16/39 MP: 6/6
  2840 | D:4      | Found a sparkling altar of Nemelex Xobeh.
  2991 | D:5      | Entered Level 5 of the Dungeon
  2995 | D:5      | Reached skill level 5 in Fighting
  3011 | D:5      | Reached skill level 5 in Maces & Flails
  3092 | D:5      | Reached skill level 5 in Shields
  3092 | D:5      | Reached XP level 7. HP: 27/44 MP: 7/7
  3541 | D:5      | Reached skill level 6 in Maces & Flails
  3648 | D:5      | Noticed a hippogriff
  3664 | D:5      | Killed a hippogriff
  3664 | D:5      | Reached XP level 8. HP: 34/51 MP: 8/8
  4080 | D:6      | Reached skill level 7 in Maces & Flails
  4220 | D:6      | Found Gases Weuwio's Antique Armour Emporium.
  4531 | D:6      | Found a radiant altar of Vehumet.
  4559 | D:6      | Reached skill level 8 in Maces & Flails
  4569 | D:6      | Reached XP level 9. HP: 8/56 MP: 9/9
  4862 | D:6      | Slain by an ogre

Vault maps used:
D:1:      ncdulo_watergridlock
D:2:      minmay_crystal_room
D:3:      first_bread
D:4:      kennysheep_mini, minmay_strange_pillars, uniq_blork_the_orc
D:5:      grunt_tough_drop
D:6:      nicolae_overflow_crystal_walls, serial_shops, shop_fountains

Skill      XL: |  1  2  3  4  5  6  7  8  9 |
---------------+----------------------------+-----
Maces & Flails | 3 4 5 6 8 |  8.1
Shields        | 4 5 7 |  7.1
Fighting       | 4 5 6 7 |  7.0
Armour         | |  3.2

Action                   |  1- 3 |  4- 6 |  7- 9 || total
-------------------------+-------+-------+-------++-------
Melee: Flail             |   123 |   215 |   195 ||   533
  Eat: Chunk             |     2 |     6 |     3 ||    11
       Royal jelly       |       |       |     1 ||     1
Armor: Scale mail        |    73 |    18 |       ||    91
       Plate armour      |       |   144 |   131 ||   275
Dodge: Dodged            |    44 |    43 |    18 ||   105
Block: Shield            |    60 |   138 |   105 ||   303
